 Dungeon Crawl Stone Soup version 0.30-a0-778-g2ef04afb54 (webtiles) character file.

Game seed: 275614120792677085

23 M4edhros the Cudgeller (level 2, 0/21 HPs)
             Began as an Octopode Chaos Knight on Feb 16, 2023.
             Was a Plaything of Xom.
             Slain by a worm (8 damage)
             ... on level 2 of the Dungeon.
             The game lasted 00:02:55 (10198 turns).

M4edhros the Cudgeller (Octopode Chaos Knight)     Turns: 10198, Time: 00:02:55

Health: 0/21       AC:  1    Str: 10 (11) XL:     2   Next: 95%
Magic:  2/2        EV: 13    Int: 14      God:    Xom [......]
Gold:   67         SH:  0    Dex:  9      Spells: 1/1 levels left

rFire   . . .      SeeInvis .    a - +0 mace (chaos)
rCold   . . .      Faith    .    (no shield)
rNeg    . . .      Spirit   .    (helmet restricted)
rPois   .          Reflect  .    (no amulet)
rElec   .          Harm     .    (no ring)
rCorr   .          Rampage  .    (no ring)
Will    .....                    (no ring)
Stlth   ++                       (no ring)
HPRegen 0.23/turn                (no ring)
MPRegen 0.08/turn                (no ring)
                                 (no ring)
                                 (no ring)

@: unable to read
A: almost no armour, amphibious, 8 rings, camouflage 1, gelatinous body 1,
(nimble swimmer 1), tentacles, clumsy 1, deterioration 2, evolution 1, inability
to read after injury 1
a: Renounce Religion


You were on level 2 of the Dungeon.
You worshipped Xom.
You were a very special plaything of Xom.
You visited 1 branch of the dungeon, and saw 3 of its levels.

You collected 67 gold pieces.

Inventory:

Hand Weapons
 a - a +0 mace of chaos (weapon)
Missiles
 d - 5 poisoned darts
Armour
 h - an orb of energy
Jewellery
 c - a ring of protection from fire
Wands
 k - a wand of roots (5)
Scrolls
 g - 2 scrolls of amnesia {unknown}
 i - a scroll of fear {unknown}
 j - a scroll of noise {unknown}
 m - a scroll of identify {unknown}
Potions
 e - a potion of mutation {unknown}
 f - 2 potions of curing
 l - a potion of flight {unknown}
Miscellaneous
 b - a piece from Xom's chessboard (15/15) (quivered)


   Skills:
 - Level 3.0 Fighting
 + Level 4.0 Maces & Flails
 - Level 2.3 Dodging


You had one spell level left.
You didn't know any spells.
Your spell library contained the following spells:

 Spells                   Type           Power      Damage    Failure   Level
 Foxfire                  Conj/Fire      0%         2x1d4     28%         1
 Necrotise                Necr           0%         1d4       28%         1
 Gell's Gravitas          Tloc           0%         N/A       65%         3
 Teleport Other           Tloc           0%         N/A       65%         3
 Vampiric Draining        Necr           0%         2d6       65%         3
 Agony                    Necr           0%         N/A       100%        5
 Fireball                 Conj/Fire      0%         3d3       100%        5
 Dispersal                Tloc           0%         N/A       100%        6
 Starburst                Conj/Fire      0%         6d3       100%        6


Dungeon Overview and Level Annotations

Branches:
Dungeon (3/15)

Altars:

Shops:
D:2 *

Annotations:
D:3 Robin


Innate Abilities, Weirdness & Mutations

You cannot wear most types of armour.
You are amphibious.
You can wear up to eight rings at the same time.
Your skin changes colour to match your surroundings (Stealth+).
Your rubbery body absorbs attacks. (AC +1, EV +1)
((You are camouflaged when in or above water. (Stealth+)))
You have tentacles for arms and can constrict up to eight enemies at once.
You are clumsy. (Dex -2)
Your body often deteriorates upon taking damage.
You have hidden genetic potential.
You occasionally lose the ability to read scrolls when taking damage.


Message History

The worm bites your butterfly.
Your butterfly dies!
Your butterfly disappears in a puff of smoke!
Your butterfly is engulfed in mutagenic fog.
The goblin is engulfed in mutagenic fog.
The goblin twists and deforms.
The goblin hits your butterfly with a +0 dagger.
Your butterfly dies!
Your butterfly disappears in a puff of smoke!
The goblin is engulfed in mutagenic fog.
The worm is engulfed in mutagenic fog.
The goblin is engulfed in mutagenic fog.
The worm is engulfed in mutagenic fog.
The goblin is engulfed in mutagenic fog.
The goblin is engulfed in mutagenic fog.
The goblin twists and deforms.
The goblin is engulfed in mutagenic fog.
The goblin is engulfed in mutagenic fog.
The goblin is engulfed in mutagenic fog.
The goblin is engulfed in mutagenic fog.
The goblin is engulfed in mutagenic fog.
The goblin twists and deforms.
The goblin is engulfed in mutagenic fog.
You hit the goblin.
You kill the goblin!
Things that are here:
a +0 dagger; a goblin corpse Your trail of clouds dissipates.
A worm is nearby!
A worm is nearby!
A worm is nearby!
A worm is nearby!
The worm bites you.
You feel threatened and lose the ability to read scrolls!
You are too injured to fight recklessly!
You are too injured to fight recklessly!
You are too injured to fight recklessly!
You completely miss the worm. You grab the worm. You constrict the worm.
The worm bites you!
You die...

#...w.g...#
.........#####.#
....##...# ###.### ...
##### #.....# # #.#.#.#
#.#.#.# ####.#.# # ##+##
#..#.w.# ##...##
#8..@###
##.....#####.##.# #
##.........8.∩<8)###.#
#.........###(.......##
'.........'..8..........
#.........##.....#######
##.......######.##
##.....## #.# ####...##
#<#


You could see a worm (resistant, misshapen).

Vanquished Creatures
  4 ball pythons
  2 bats (D:1)
  2 endoplasms (D:1)
  A giant cockroach (D:1)
  4 goblins
  2 hobgoblins
  2 frilled lizards (D:1)
  A kobold (D:2)
  4 rats (D:1)
22 creatures vanquished.

Notes
Turn   | Place    | Note
-------+----------+-------------------------------------------
     0 | D:1      | M4edhros the Octopode Chaos Knight began the quest for the
                  | Orb.
     0 | D:1      | Reached XP level 1. HP: 16/16 MP: 1/1
   229 | D:1      | Reached XP level 2. HP: 15/21 MP: 2/2
   640 | D:1      | XOM: silly message
   742 | D:1      | XOM: silly message
   979 | D:1      | XOM: silly message
  1551 | D:1      | XOM: cloud trail
  2946 | D:1      | XOM: summons 2 hostile shadow creatures
  3241 | D:1      | XOM: give mutations
  3241 | D:1      | Gained mutation: Your body sometimes deteriorates upon
                  | taking damage. [Xom's mischief]
  3241 | D:1      | Gained mutation: Your body often deteriorates upon taking
                  | damage. [Xom's mischief]
  3241 | D:1      | Gained mutation: You have hidden genetic potential. [Xom's
                  | mischief]
  3241 | D:1      | Gained mutation: You occasionally lose the ability to read
                  | scrolls when taking damage. [Xom's mischief]
  3745 | D:1      | XOM is BORED!
  4138 | D:1      | XOM: summons 1 hostile demon
  4140 | D:2      | Found Luecla's Assorted Antiques.
  4306 | D:1      | XOM: silly message
  4433 | D:1      | XOM: silly message
  4938 | D:1      | XOM: silly message
  4947 | D:1      | XOM: cloud trail
  5644 | D:1      | XOM: cloud trail
  6090 | D:1      | XOM: silly message
  6344 | D:1      | XOM: silly message
  6818 | D:1      | XOM: noise
  7127 | D:1      | XOM is BORED!
  7127 | D:1      | XOM: noise
  7254 | D:1      | XOM: god gift: wand of roots (5)
  7288 | D:1      | XOM: give mutation
  7288 | D:1      | Gained mutation: Your flesh is heat resistant. (rF+) [Xom's
                  | grace]
  8027 | D:1      | XOM: scenery: 1 doors close
  8077 | D:1      | XOM: 3-stop teleportation journey
  8175 | D:1      | XOM: god gift: scroll labelled ZEPOTTIVVEH {god gift}
  8820 | D:1      | XOM is BORED!
  9044 | D:1      | XOM: cloud trail
  9438 | D:3      | XOM: noise
  9445 | D:3      | Reached skill level 4 in Maces & Flails
  9495 | D:3      | Noticed Robin
  9741 | D:1      | XOM: divination: magic mapping
 10095 | D:1      | XOM: cloud trail
 10133 | D:1      | XOM: god gift: scroll labelled LYSEUM HEERHO {god gift}
 10146 | D:2      | XOM: give mutations
 10146 | D:2      | Gained mutation: You are clumsy. (Dex -2) [Xom's mischief]
 10146 | D:2      | Lost mutation: Your flesh is heat resistant. (rF+) [Xom's
                  | mischief]
 10146 | D:2      | Gained mutation: You occasionally lose the ability to drink
                  | potions when taking damage. [Xom's mischief]
 10146 | D:2      | Lost mutation: You occasionally lose the ability to drink
                  | potions when taking damage. [Xom's mischief]
 10167 | D:2      | XOM: butterfly on damage
 10198 | D:2      | Slain by a worm

Illustrated notes

Levels and vault maps discovered:
D:1:      dpeg_arrival_rhombus, layout_basic
D:2:      layout_loops_corners, serial_shops, nicolae_shop_statue_plus,
          nicolae_shop_competitors_out_of_business, nicolae_elevator_lobby_plus,
          uniq_natasha
D:3:      minmay_wonky_spiral, layout_loops_cross, portal_sewer_entry_b,
          uniq_jessica, uniq_crazy_yiuf_cottage, uniq_robin

Skill      XL: |  1  2 |
---------------+-------+-----
Maces & Flails | 4 |  4.0
Fighting       | |  3.0
Dodging        | |  2.3

Action                     || total
---------------------------++-------
  Melee: Mace              ||    47
         Constrict         ||    12
         Tentacles         ||     9
    Use: Scroll            ||     2
         Potion            ||     1
   Stab: Sleeping          ||     4
 Armour: Skin              ||     2
  Dodge: Dodged            ||    32

Table legend: (Time is in decaauts)
 A = Elapsed time spent in this place.
 B = Non-inter-level travel time spent in this place.
 C = Inter-level travel time spent in this place.
 D = Time resting spent in this place.
 E = Time spent auto-exploring this place.
 F = Levels seen in this place.
 G = Mean time per level.
                   A        B        C        D        E       F      G
               +--------+--------+--------+--------+--------+-----+--------+
         Total |  10207 |  10159 |     48 |   9318 |    550 |   3 | 3402.3 |
       Dungeon |  10207 |  10159 |     48 |   9318 |    550 |   3 | 3402.3 |
               +--------+--------+--------+--------+--------+-----+--------+

Top non-repeatable levels by time:
     D:1: 9920 daAuts
     D:2: 218 daAuts
     D:3: 68 daAuts
